 Dungeon Sprint DCSS version 0.26-a0-660-gc07710193c (webtiles) character file.

Game seed: 5631064998291928692

18024 sahdkjhfkaj the Imperceptible (level 12, 0/51 HPs)
             Began as a Spriggan Enchanter on Oct 6, 2020.
             Was the Champion of Dithmenos.
             Slain by a deep troll earth mage (20 damage)
             ... in the Dungeon (Sprint IX: "|||||||||||||||||||||||||||||").
             The game lasted 00:07:16 (3032 turns).

sahdkjhfkaj the Imperceptible (Spriggan Enchanter)  Turns: 3032, Time: 00:07:16

Health: 0/51       AC:  2    Str:  4    XL:     12   Next: 24%
Magic:  26/40      EV: 27    Int: 18    God:    Dithmenos [******]
Gold:   1814       SH:  0    Dex: 20    Spells: 33/39 levels left

rFire    . . .     SeeInvis +   u - +2 dagger (venom)
rCold    . . .     Faith    .   (shield restricted)
rNeg     . . .     Spirit   .   b - +0 robe
rPois    +         Reflect  .   (helmet restricted)
rElec    .         Harm     .   (no cloak)
rCorr    .         Rampage  .   (gloves unavailable)
MR       ++...     NoTele   +   (boots unavailable)
Stlth    ++++++++++             (no amulet)
HPRegen  0.17/turn              t - ring of magical power
MPRegen  0.27/turn              s - ring of poison resistance

@: wreathed by umbra, very quick
A: very small, unfitting armour, see invisible, speed 3
a: Shadow Step, Shadow Form, Renounce Religion


You were in the Dungeon.
You worshipped Dithmenos.
Dithmenos was exalted by your worship.
You visited 1 branch You collected 1814 gold pieces.

Inventory:

Hand Weapons
 u - a +2 dagger of venom (weapon)
Armour
 b - a +0 robe (worn)
Jewellery
 l - a +2 ring of evasion
 m - a +3 ring of dexterity
 s - a ring of poison resistance (right hand)
 t - a ring of magical power (left hand)
Wands
 k - a wand of iceblast (10)
Scrolls
 h - 4 scrolls of remove curse
 i - 2 scrolls of blinking
 j - 3 scrolls of amnesia
 p - 8 scrolls of enchant weapon
 q - 2 scrolls of fear
 r - 3 scrolls of enchant armour
 v - a scroll of fog
Potions
 a - a potion of brilliance
 c - a potion of invisibility
 d - 6 potions of curing
 e - a potion of heal wounds
 f - 2 potions of haste
 g - 4 potions of magic
 n - 3 potions of might
 o - 2 potions of stabbing


   Skills:
 + Level 13.1 Short Blades
 + Level 10.3 Dodging
 * Level 24.9 Stealth
 + Level 14.4 Spellcasting
 * Level 19.3 Hexes
 + Level 6.8 Invocations


You had 33 spell levels left.
You knew the following spells:

 Your Spells              Type           Power        Failure   Level
a - Ensorcelled Hibernat  Hex/Ice        #####.       1%          2
b - Corona                Hex            ######.      0%          1
c - Confusing Touch       Hex            ######..     0%          3

Your spell library contained the following spells:

 Spells                   Type           Power        Failure   Level
 Tukima's Dance           Hex            ######..     0%          3
 Dazzling Flash           Conj/Hex       #####.       1%          3


Dungeon Overview and Level Annotations

Branches:
Dungeon (1/1)

Altars:
Cheibriados
Dithmenos
Elyvilon
Fedhas
Gozag
Hepliaklqana
Kikubaaqudgha
Makhleb
Nemelex Xobeh
Okawaru
Qazlal
Ru
Sif Muna
Trog
Uskayaw
Vehumet
Wu Jian
Xom
Yredelemnul
Zin
The Shining One
Beogh
Jiyva
Lugonu

Shops:
D !=[(


Innate Abilities, Weirdness & Mutations

You are very small and have problems with some larger weapons.
You are too small for most types of armour.
You have supernaturally acute eyesight. (SInv)
You cover ground extremely quickly.


Message History

The sphinx is severely wounded.
Your shadow hits the sphinx but does no damage.
You hit the sphinx but do no damage.
The sphinx is severely wounded.
The sphinx hits the deep troll earth mage.
The sphinx barely misses the deep troll earth mage.
The sphinx hits the deep troll earth mage but does no damage.
Unknown command.
You catch the helpless sphinx completely off-guard!
You spit the sphinx like a pig!!!
You kill the sphinx!
Dithmenos accepts your kill.
Your Short Blades skill increases to level 13!
Your Dodging skill increases to level 10!
Unknown command.
You feel much better.
The deep troll earth mage completely misses you.
The deep troll earth mage claws you! The deep troll earth mage misses you.
The deep troll earth mage bites you!!
You die...

▓▓▓▓▓▓▓▓▓▓▓▓▓▓▓▓▓▓▓▓▓▓▓▓
........'†))).§§@TT§CQ..
▓▓▓▓▓▓▓▓▓▓▓▓▓▓▓▓▓▓▓▓▓▓▓▓▓▓▓▓▓▓▓▓▓
.........)......(................
▓▓▓▓▓▓▓▓▓▓▓▓▓▓▓▓▓▓▓▓▓▓▓▓▓▓▓▓▓▓▓▓▓
.[[.).[.....∩.∩.∩[∩[)[.)'........
▓▓▓▓▓▓▓▓▓▓▓▓▓▓▓▓▓▓▓▓▓▓▓▓▓▓▓▓▓▓▓▓▓
.................................
▓▓▓▓▓▓▓▓▓▓▓▓▓▓▓▓▓▓▓▓▓▓▓▓▓▓▓▓▓▓▓▓▓
.......'÷.†.......).'..[[[[..'...


You could see a deep troll earth mage (fast) and a deep troll shaman.

Vanquished Creatures
  A sphinx (D)
  An ettin (D)
  A catoblepas (D)
  A boulder beetle (D)
  3 ogre magi (D)
  A centaur warrior (D)
  A death knight (D)
  Urug (D)
  Sonja (D)
  2 deep trolls (D)
  An orc sorcerer (D)
  A deep elf mage (D)
  A manticore (D)
  A black mamba (D)
  5 cane toads (D)
  An efreet (D)
  A tengu conjurer (D)
  7 trolls (D)
  A slime creature (D)
  A blink frog (D)
  A wyvern (D)
  2 yaks (D)
  A basilisk (D)
  2 wargs (D)
  A hell hound (D)
  2 water moccasins (D)
  13 orc warriors (D)
  A sky beast (D)
  An ogre (D)
  6 wolves (D)
  2 centaurs (D)
  6 bullfrogs (D)
  A killer bee (D)
  7 orc priests (D)
  An orc wizard (D)
  A jelly (D)
  2 worker ants (D)
  A shadow imp (D)
  An adder zombie (D)
  2 leopard geckos (D)
  4 orcs (D)
  A bat skeleton (D)
  A giant cockroach (D)
  A goblin (D)
  2 hobgoblins (D)
  A quokka (D)
  A frilled lizard (D)
  A rat (D)
99 creatures vanquished.

Notes
Turn   | Place    | Note
-------+----------+-------------------------------------------
     0 | D        | sahdkjhfkaj the Spriggan Enchanter began the quest for the
                  | Orb.
     0 | D        | Reached XP level 1. HP: 9/9 MP: 5/5
     4 | D        | Banished a spatial maelstrom
    34 | D        | Reached skill level 5 in Stealth
    37 | D        | Reached skill level 6 in Stealth
   305 | D        | Noticed a centaur
   313 | D        | Killed a centaur
   313 | D        | Reached skill level 12 in Stealth
   313 | D        | Reached XP level 2. HP: 13/13 MP: 7/7
   313 | D        | Reached XP level 3. HP: 16/16 MP: 8/8
   313 | D        | Reached XP level 4. HP: 21/21 MP: 9/9
   317 | D        | Reached skill level 13 in Stealth
   358 | D        | Learned a level 2 spell: Ensorcelled Hibernation
   362 | D        | Learned a level 3 spell: Confusing Touch
   362 | D        | Found a roughly hewn altar of Beogh.
   362 | D        | Found a snail-covered altar of Cheibriados.
   362 | D        | Found a shadowy altar of Dithmenos.
   362 | D        | Found a white marble altar of Elyvilon.
   362 | D        | Found a blossoming altar of Fedhas.
   362 | D        | Found an opulent altar of Gozag.
   363 | D        | Found a hazy altar of Hepliaklqana.
   364 | D        | Found a viscous altar of Jiyva.
   365 | D        | Found an ancient bone altar of Kikubaaqudgha.
   366 | D        | Found a corrupted altar of Lugonu.
   367 | D        | Found a burning altar of Makhleb.
   368 | D        | Found a sparkling altar of Nemelex Xobeh.
   369 | D        | Found an iron altar of Okawaru.
   370 | D        | Found a stormy altar of Qazlal.
   371 | D        | Found a sacrificial altar of Ru.
   372 | D        | Found a shimmering blue altar of Sif Muna.
   373 | D        | Found a bloodstained altar of Trog.
   374 | D        | Found a hide-covered altar of Uskayaw.
   377 | D        | Found a radiant altar of Vehumet.
   389 | D        | Became a worshipper of Dithmenos the Shadowed
   399 | D        | Found an ornate altar of the Wu Jian Council.
   400 | D        | Found a shimmering altar of Xom.
   401 | D        | Found a basalt altar of Yredelemnul.
   402 | D        | Found a glowing silver altar of Zin.
   403 | D        | Found a glowing golden altar of the Shining One.
   431 | D        | Noticed a bullfrog
   431 | D        | Noticed a yak
   431 | D        | Noticed an ogre
   434 | D        | Reached skill level 14 in Stealth
   471 | D        | Reached skill level 15 in Stealth
   471 | D        | Reached XP level 5. HP: 24/24 MP: 7/10
   636 | D        | Reached * piety under Dithmenos
   636 | D        | Reached skill level 17 in Stealth
   889 | D        | Killed a yak
   889 | D        | Reached skill level 18 in Stealth
   889 | D        | Reached XP level 6. HP: 28/28 MP: 6/13
   917 | D        | Reached ** piety under Dithmenos
   917 | D        | Reached skill level 5 in Spellcasting
  1019 | D        | Noticed a deep elf mage
  1019 | D        | Noticed an efreet
  1021 | D        | Killed a deep elf mage
  1021 | D        | Reached skill level 5 in Short Blades
  1021 | D        | Reached skill level 19 in Stealth
  1021 | D        | Reached XP level 7. HP: 32/32 MP: 15/18
  1023 | D        | Killed an efreet
  1023 | D        | Reached skill level 10 in Hexes
  1023 | D        | Reached XP level 8. HP: 36/36 MP: 15/20
  1027 | D        | Reached *** piety under Dithmenos
  1120 | D        | Noticed Sonja
  1127 | D        | Killed Sonja
  1183 | D        | Noticed a cane toad
  1185 | D        | Reached **** piety under Dithmenos
  1187 | D        | Reached skill level 20 in Stealth
  1189 | D        | Killed a cane toad
  1189 | D        | Reached XP level 9. HP: 39/39 MP: 23/23
  1195 | D        | Reached ***** piety under Dithmenos
  1195 | D        | Reached skill level 10 in Spellcasting
  1283 | D        | Noticed a catoblepas
  1283 | D        | Noticed a cane toad
  1283 | D        | Noticed a cane toad
  1283 | D        | Noticed a cane toad
  1285 | D        | Killed a catoblepas
  1286 | D        | Noticed a black mamba
  1299 | D        | Killed a cane toad
  1299 | D        | Reached skill level 10 in Short Blades
  1299 | D        | Reached skill level 21 in Stealth
  1299 | D        | Reached XP level 10. HP: 44/44 MP: 21/26
  1312 | D        | Killed a cane toad
  1312 | D        | Reached skill level 15 in Hexes
  1317 | D        | Noticed a cane toad
  1318 | D        | Killed a cane toad
  1327 | D        | Killed a black mamba
  1334 | D        | Killed a cane toad
  1334 | D        | Reached ****** piety under Dithmenos
  2084 | D        | Reached skill level 22 in Stealth
  2221 | D        | Reached skill level 1 in Invocations
  2222 | D        | Noticed an orc sorcerer
  2236 | D        | Noticed a rust devil
  2255 | D        | Killed an orc sorcerer
  2376 | D        | Reached skill level 5 in Dodging
  2423 | D        | Reached XP level 11. HP: 42/47 MP: 23/28
  2606 | D        | Found Rior's Distillery.
  2606 | D        | Noticed an ettin
  2617 | D        | Noticed an ogre mage
  2619 | D        | Killed an ettin
  2635 | D        | Reached skill level 23 in Stealth
  2646 | D        | Killed an ogre mage
  2738 | D        | Found Qoycefoe's Jewellery Shoppe.
  2742 | D        | Found Qoggy's Armour Emporium.
  2746 | D        | Found Avviezen's Antique Weapon Shoppe.
  2748 | D        | Noticed a deep troll
  2749 | D        | Noticed an ogre mage
  2751 | D        | Noticed a deep troll
  2752 | D        | Noticed an ogre mage
  2756 | D        | Killed a deep troll
  2758 | D        | Killed an ogre mage
  2762 | D        | Killed a deep troll
  2762 | D        | Reached skill level 5 in Invocations
  2764 | D        | Killed an ogre mage
  2814 | D        | Noticed Urug
  2824 | D        | Killed Urug
  2824 | D        | Reached skill level 24 in Stealth
  2989 | D        | Noticed a death knight
  2989 | D        | Noticed a centaur warrior
  2992 | D        | Noticed a boulder beetle
  2993 | D        | Killed a death knight
  2996 | D        | Noticed a sphinx
  2998 | D        | Noticed a deep troll earth mage
  3001 | D        | Killed a centaur warrior
  3001 | D        | Reached XP level 12. HP: 51/51 MP: 31/31
  3002 | D        | Noticed a deep troll shaman
  3009 | D        | Noticed a tengu warrior
  3012 | D        | Noticed a stone giant
  3013 | D        | Killed a boulder beetle
  3031 | D        | Killed a sphinx
  3031 | D        | Reached skill level 10 in Dodging
  3032 | D        | Slain by a deep troll earth mage

Illustrated notes

Levels and vault maps discovered:
D:        linesprint [early_d, line_temple, items_1, d_10, items_2, lair_1,
          lair_end, items_3, orc_1, orc_end, items_4, d_15, swamp_1, shoals_1,
          snake_1, spider_1, d_20, vaults_1, items_5, swamp_end, shoals_end,
          snake_end, spider_end, vaults_end, d_27, items_6, zot_1, zot_end,
          crypt_end, forest_end, elf_end, slime_end, tomb_end, abyss_end,
          pan_hell_end]

Skill      XL: |  1  2  3  4  5  6  7  8  9 10 11 12 |
---------------+-------------------------------------+-----
Spellcasting   | 3 4 6 7 9 11 12 14 | 14.4
Stealth        | 12 15 18 19 20 21 22 24 | 24.9
Short Blades   | 3 5 6 8 10 11 12 13 | 13.1
Hexes          | 6 9 10 12 14 17 18 19 | 19.3
Invocations    | 2 6 |  6.8
Dodging        | 5 9 10 | 10.3

Action                   |  1- 3 |  4- 6 |  7- 9 | 10-12 || total
-------------------------+-------+-------+-------+-------++-------
Melee: Dagger            |    44 |    16 |    25 |   115 ||   200
 Cast: Ensorcelled Hiber |       |    14 |     9 |    90 ||   113
       Confusing Touch   |       |     1 |       |     4 ||     5
       Corona            |       |       |       |     1 ||     1
  Use: Potion            |     1 |       |       |     4 ||     5
 Stab: Sleeping          |     1 |     6 |    18 |    60 ||    85
       Confused          |       |     1 |       |     5 ||     6
Armor: Robe              |     2 |     1 |       |     2 ||     5
Dodge: Dodged            |    25 |    12 |    11 |    83 ||   131

Table legend: (Time is in decaauts)
 A = Elapsed time spent in this place.
 B = Non-inter-level travel time spent in this place.
 C = Inter-level travel time spent in this place.
 D = Time resting spent in this place.
 E = Time spent auto-exploring this place.
 F = Levels seen in this place.
 G = Mean time per level.
                   A        B        C        D        E       F      G
               +--------+--------+--------+--------+--------+-----+--------+
         Total |   2631 |   2631 |      0 |   1003 |   1026 |   1 | 2631.0 |
       Dungeon |   2631 |   2631 |      0 |   1003 |   1026 |   1 | 2631.0 |
               +--------+--------+--------+--------+--------+-----+--------+

Top non-repeatable levels by time:
       D: 2631 daAuts
